 Dungeon Sprint DCSS version 0.30-a0-949-g53dc5368d7 (webtiles) character file.

Game seed: 17596379068289563388

3490 BigDaddyOpFi the Cleaver (level 9, -1/95 HPs)
             Began as a Minotaur Berserker on Mar 24, 2023.
             Was a High Priest of Trog.
             Slain by Agnes
             ... wielding a +0 lajatang
              (9 damage)
             ... in the Dungeon (Sprint IV: "Fedhas' Mad Dash") on Mar 27, 2023.
             The game lasted 00:04:11 (4486 turns).

BigDaddyOpFi the Cleaver (Minotaur Berserker)       Turns: 4486, Time: 00:04:12

Health: -1/95      AC: 16    Str: 25    XL:     9   Next: 80%
Magic:  8/8        EV: 14    Int: 10    God:    Trog [*****.]
Gold:   198        SH:  0    Dex: 17    Spells: 8/8 levels left

rFire   . . .      SeeInvis .    a - +0 hand axe
rCold   . . .      Faith    .    (no shield)
rNeg    . . .      Spirit   .    j - +0 plate armour
rPois   .          Reflect  .    (helmet restricted)
rElec   .          Rampage  .    (no cloak)
rCorr   +          NoTele   +    (no gloves)
Will    .....                    (no boots) Stlth
                                 i - amulet of invisibility {+Inv}
HPRegen 0.35/turn                l - ring "Icsa" {+Blink rCorr Int+6}
MPRegen 0.11/turn                h - +6 ring of dexterity

@: on berserk cooldown, slowed, very slow
A: horns 2, retaliatory headbutt
a: Renounce Religion, Evoke Blink, Evoke Invisibility, Berserk, Trog's Hand,
Brothers in Arms


You were in the Dungeon.
You worshipped Trog.
Trog was extremely pleased with you.
You visited 1 branch You collected 198 gold pieces.

Inventory:

Hand Weapons
 a - a +0 hand axe (weapon)
Armour
 j - a +0 plate armour (worn)
Magical Staves
 k - the staff of fire "Roitho" {rF+ rN+}
   (You found it in the Dungeon)

   [staff of fire]

   Base accuracy: +5 Base damage: 5 Base attack delay: 1.2 This weapon's minimum
   attack delay (0.6) is reached at skill level 12.
   rF:        It protects you from fire.
   rN:        It protects you from negative energy.
   It falls into the 'Staves' category.
   It is a one-handed weapon.
   Trog disapproves of the use of such an item.
Jewellery
 h - a +6 ring of dexterity (right hand)
 i - the amulet of invisibility (around neck) {+Inv}
   (You found it in the Dungeon)

   [amulet of nothing]

   +Inv:      It lets you turn invisible.
 l - the ring "Icsa" (left hand) {+Blink rCorr Int+6}
   (You found it in the Dungeon)

   [ring of resist corrosion]

   Int:       It affects your intelligence (+6).
   +Blink:    It lets you blink.
   rCorr:     It protects you from acid and corrosion.
Potions
 b - a potion of lignification
 c - a potion of curing
 d - a potion of heal wounds
 e - a potion of haste
 f - 2 potions of magic
 g - a potion of berserk rage


   Skills:
 + Level 14.1 Fighting
 + Level 14.1 Axes
 + Level 13.8 Armour
 + Level 12.7 Dodging


You had 8 spell levels left.
You didn't know any spells.
Your spell library was empty.

Dungeon Overview and Level Annotations

Branches:
Dungeon (1/1)

Altars:
Cheibriados
Dithmenos
Elyvilon
Gozag
Hepliaklqana
Kikubaaqudgha
Makhleb
Nemelex Xobeh
Okawaru
Qazlal
Ru
Sif Muna
Trog
Uskayaw
Vehumet
Wu Jian
Xom
Yredelemnul
Zin
The Shining One
Jiyva
Lugonu

Shops:
D !?=*

Annotations:
D Agnes


Innate Abilities, Weirdness & Mutations

You have a pair of horns on your head.
You reflexively headbutt those who attack you in melee.


Message History

You close the door.
Agnes opens the door.
There is an open door here.
A red film seems to cover your vision as you go berserk!
You feel yourself moving faster!
You feel mighty! Agnes hits you with a +0 lajatang!
Agnes drinks a potion.
Agnes seems to grow stronger.
You barely miss Agnes. You hit Agnes. You punch Agnes.
Agnes is lightly wounded.
Agnes hits you with a +0 lajatang!!
You miss Agnes.
Agnes is lightly wounded.
Agnes hits you with a +0 lajatang!!!
You completely miss Agnes. You headbutt Agnes!
Agnes is lightly wounded.
Agnes hits you with a +0 lajatang.
You slash Agnes!
Agnes is moderately wounded.
You closely miss Agnes.
Agnes is moderately wounded.
Agnes hits you with a +0 lajatang!!
* * * LOW HITPOINT WARNING * * *
You completely miss Agnes.
Agnes is moderately wounded.
Agnes hits you with a +0 lajatang!
* * * LOW HITPOINT WARNING * * *
Unknown command.
Agnes attacks as you move away! Agnes hits you with a +0 lajatang.
* * * LOW HITPOINT WARNING * * *
You closely miss Agnes.
Agnes is moderately wounded.
Agnes closely misses you.
You see here a book of Lightning.
You feel a strong urge to attack something.
Agnes misses you.
You are no longer berserk.
You are exhausted.
You feel yourself slow down. Agnes hits you with a +0 lajatang!
You die...

################################
..#.⌠._._._._.⌠.#.[)...#....##∩#
..'.._._._._._..'.)#...#....'..#
..#..._._._._...#..###'##...##∩#
'##.._._._._._..#.(##∩∩.'...####
..#._._._._._.⌠.#############
..##################
###♣♣♣♣♣..♣)###.@.:+
:'......♣..♣##:i#..#
.#♣..♣♣♣.♣).###.##'#
.#.♣♣..♣..)♣'...#♣.♣ ###
#############... ♣..♣ .... ♣....
#####


You could see Agnes (strong).

Vanquished Creatures
  A spriggan druid (D)
  3 oklob plants (D)
  3 burning bushes (D)
  A queen bee (D)
  3 wandering mushrooms (D)
  3 scorpions (D)
  4 killer bees (D)
  5 oklob saplings (D)
  2 spriggans (D)
  A river rat (D)
  A rat (D)
27 creatures vanquished.

Vanquished Creatures (others)
  A ballistomycete spore (D)
1 creature vanquished.

Grand Total: 28 creatures vanquished

Notes
Turn   | Place    | Note
-------+----------+-------------------------------------------
     0 | D        | BigDaddyOpFi the Minotaur Berserker began the quest for the
                  | Orb.
     0 | D        | Reached XP level 1. HP: 19/19 MP: 0/0
     8 | D        | Reached XP level 2. HP: 28/28 MP: 1/1
   148 | D        | Noticed an oklob sapling
   151 | D        | Killed an oklob sapling
   152 | D        | Reached skill level 5 in Fighting
   152 | D        | Reached skill level 5 in Axes
   152 | D        | Reached XP level 3. HP: 14/36 MP: 2/2
   343 | D        | Noticed a scorpion
   343 | D        | Found the amulet of invisibility {+Inv}
   347 | D        | Killed a scorpion
   347 | D        | Reached ** piety under Trog
   348 | D        | Reached skill level 5 in Armour
   348 | D        | Reached skill level 5 in Dodging
   348 | D        | Reached XP level 4. HP: 45/45 MP: 3/3
   400 | D        | Found an opulent altar of Gozag.
   400 | D        | Found a hazy altar of Hepliaklqana.
   400 | D        | Found a burning altar of Makhleb.
   400 | D        | Found a sparkling altar of Nemelex Xobeh.
   400 | D        | Found a snail-covered altar of Cheibriados.
   400 | D        | Found a sacrificial altar of Ru.
   400 | D        | Found a shimmering blue altar of Sif Muna.
   400 | D        | Found a shimmering altar of Xom.
   400 | D        | Found a basalt altar of Yredelemnul.
   550 | D        | Found a viscous altar of Jiyva.
   550 | D        | Found a bloodstained altar of Trog.
   550 | D        | Found an ornate altar of the Wu Jian Council.
   551 | D        | Found an iron altar of Okawaru.
   551 | D        | Found a shadowy altar of Dithmenos.
   551 | D        | Found a glowing silver altar of Zin.
   552 | D        | Found an ancient bone altar of Kikubaaqudgha.
   552 | D        | Found a hide-covered altar of Uskayaw.
   553 | D        | Found a stormy altar of Qazlal.
   553 | D        | Found a glowing golden altar of the Shining One.
   553 | D        | Found a white marble altar of Elyvilon.
   554 | D        | Found a radiant altar of Vehumet.
   554 | D        | Found a corrupted altar of Lugonu.
   561 | D        | Reached XP level 5. HP: 52/52 MP: 4/4
  1268 | D        | Reached *** piety under Trog
  1269 | D        | Reached XP level 6. HP: 62/62 MP: 5/5
  1410 | D        | Found Zaijausaru's Magic Scroll Shop.
  1410 | D        | Found Cofillud's Distillery.
  1417 | D        | Noticed a burning bush
  1417 | D        | Noticed a wandering mushroom
  1419 | D        | Noticed a wandering mushroom
  1452 | D        | Killed a wandering mushroom
  1534 | D        | Killed a wandering mushroom
  1535 | D        | Reached skill level 10 in Fighting
  1535 | D        | Reached skill level 10 in Axes
  1535 | D        | Reached XP level 7. HP: 72/72 MP: 6/6
  1580 | D        | Killed a burning bush
  1581 | D        | Reached skill level 10 in Armour
  1930 | D        | Found Koadamm's General Store.
  1930 | D        | Found Latoj's Jewellery Shoppe.
  1934 | D        | Identified the staff of fire "Roitho" {rF+ rN+}
  1978 | D        | Reached **** piety under Trog
  2042 | D        | Noticed a queen bee
  2056 | D        | Reached XP level 8. HP: 82/82 MP: 7/7
  2063 | D        | Killed a queen bee
  2064 | D        | Reached skill level 10 in Dodging
  2134 | D        | Noticed a burning bush
  2146 | D        | Killed a burning bush
  2148 | D        | Identified the ring "Icsa" {+Blink rCorr Int+6}
  2363 | D        | Noticed a burning bush
  2363 | D        | Noticed an oklob plant
  2365 | D        | Noticed a wandering mushroom
  2556 | D        | Noticed an oklob plant
  2567 | D        | Killed an oklob plant
  2567 | D        | Reached ***** piety under Trog
  2880 | D        | Killed a burning bush
  2881 | D        | Reached XP level 9. HP: 92/92 MP: 8/8
  3350 | D        | Upgraded the game from 0.30-a0-937-ga0a21ad780 to
                  | 0.30-a0-949-g53dc5368d7
  3881 | D        | Killed a wandering mushroom
  4083 | D        | Killed an oklob plant
  4148 | D        | Noticed a spriggan druid
  4161 | D        | Killed a spriggan druid
  4161 | D        | Received a gift from Trog
  4305 | D        | Noticed an oklob plant conjurer
  4310 | D        | Killed an oklob plant conjurer
  4470 | D        | Noticed Agnes
  4486 | D        | Slain by Agnes

Illustrated notes

Levels and vault maps discovered:
D:        dungeon_sprint_fedhas [sprint_temple]

Skill      XL: |  1  2  3  4  5  6  7  8  9 |
---------------+----------------------------+-----
Fighting       | 4 5 6 7 8 10 11 12 14 | 14.1
Axes           | 4 5 6 7 8 10 11 12 14 | 14.1
Armour         | 3 4 5 6 7 9 10 12 13 | 13.8
Dodging        | 3 4 5 7 8 9 11 12 | 12.7

Action                     |  1- 3 |  4- 6 |  7- 9 || total
---------------------------+-------+-------+-------++-------
  Melee: Hand axe          |     6 |    23 |    91 ||   120
         Headbutt          |     1 |     7 |    22 ||    30
         Punch             |       |       |     3 ||     3
 Invoke: Berserk           |     3 |     7 |     9 ||    19
Ability: Evoke Invisibilit |       |     1 |     1 ||     2
    Use: Scroll            |       |     1 |     1 ||     2
   Stab: Invisible         |       |     1 |     3 ||     4
 Armour: Plate armour      |       |     7 |    11 ||    18
  Dodge: Dodged            |     5 |     6 |    17 ||    28

Table legend: (Time is in decaauts)
 A = Elapsed time spent in this place.
 B = Non-inter-level travel time spent in this place.
 C = Inter-level travel time spent in this place.
 D = Time resting spent in this place.
 E = Time spent auto-exploring this place.
 F = Levels seen in this place.
 G = Mean time per level.
                   A        B        C        D        E       F      G
               +--------+--------+--------+--------+--------+-----+--------+
         Total |   4626 |   4626 |      0 |   4203 |      0 |   1 | 4626.0 |
       Dungeon |   4626 |   4626 |      0 |   4203 |      0 |   1 | 4626.0 |
               +--------+--------+--------+--------+--------+-----+--------+

Top non-repeatable levels by time:
       D: 4626 daAuts
